 Dungeon Crawl Stone Soup version 0.30-a0-782-ge64f9170bb (webtiles) character file.

Game seed: 1153357185091482235

191 senseless the Shield-Bearer (level 5, 0/47 HPs)
             Began as a Minotaur Fighter on Mar 7, 2023.
             Slain by Sigmund
             ... wielding a +2 scythe of venom
              (2 damage)
             ... on level 5 of the Dungeon.
             The game lasted 00:08:49 (3280 turns).

senseless the Shield-Bearer (Minotaur Fighter)      Turns: 3280, Time: 00:08:50

Health: 0/47       AC: 12    Str: 23    XL:     5   Next: 41%
Magic:  4/4        EV:  4    Int:  5    God:
Gold:   40         SH:  0    Dex:  9    Spells: 4/4 levels left

rFire   . . .      SeeInvis +    a - +1 war axe
rCold   . . .      Faith    .    e - +1 tower shield
rNeg    + . .      Spirit   .    s - +0 chain mail
rPois   .          Reflect  .    (helmet unavailable)
rElec   .          Harm     .    r - +0 cloak
rCorr   .          Rampage  .    w - +0 pair of gloves
Will    .....                    (no boots) Stlth
                                 (no amulet)
HPRegen 0.27/turn                g - ring of see invisible
MPRegen 0.09/turn                i - ring of positive energy

@: confused, lethally poisoned (0 -> -8)
A: horns 3, retaliatory headbutt, wild magic 1
a: no special abilities


You were on level 5 of the Dungeon.
You visited 1 branch of the dungeon, and saw 5 of its levels.

You collected 224 gold pieces.
You spent 184 gold pieces at shops.

Inventory:

Hand Weapons
 a - a +1 war axe (weapon)
Armour
 b - a +0 scale mail
 c - a +1 buckler
 e - a +1 tower shield (worn)
 r - a +0 cloak (worn)
 s - a +0 chain mail (worn)
 w - a +0 pair of gloves (worn)
Jewellery
 f - a +6 ring of intelligence
 g - a ring of see invisible (left hand)
 i - a ring of positive energy (right hand)
 q - a ring of wizardry
 x - the Hermit's Pendant {Faith Invo=14 Evo=0 MP+5}
   (You found it on level 4 of the Dungeon)

   [amulet of faith]

   Invo=14: It sets your Invocations skill to 14.
   Evo=0: It sets your Evocations skill to 0.
   It allows you to gain divine favour quickly.
   MP:        It affects your magic capacity (+5).
 y - a ring of protection from cold
Wands
 k - a wand of flame (10)
 t - a wand of polymorph (12)
Scrolls
 l - 2 scrolls of fog
 n - a scroll of teleportation
 u - a scroll of magic mapping
Potions
 d - a potion of might
 h - a potion of attraction
 m - a potion of invisibility
 o - a potion of ambrosia
 p - 2 potions of flight {unknown}
 v - a potion of haste {unknown}
 z - a potion of berserk rage
 B - a potion of lignification


   Skills:
 + Level 4.8 Fighting
 + Level 4.0 Axes
 + Level 4.8 Armour
 + Level 4.8 Shields


You had 4 spell levels left.
You didn't know any spells.
Your spell library contained the following spells:

 Spells                   Type           Power      Damage    Failure   Level
 Apportation              Tloc           0%         N/A       100%        1
 Foxfire                  Conj/Fire      0%         2x1d4     100%        1
 Lesser Beckoning         Tloc           0%         N/A       100%        2
 Gell's Gravitas          Tloc           0%         N/A       100%        3
 Teleport Other           Tloc           0%         N/A       100%        3
 Alistair's Intoxication  Tmut/Pois      0%         N/A       100%        5
 Fireball                 Conj/Fire      0%         3d3       100%        5
 Starburst                Conj/Fire      0%         6d3       100%        6


Dungeon Overview and Level Annotations

Branches:
Dungeon (5/15)
 Temple: D:4-7

Altars:

Shops:
D:2 (   D:5 ![:[

Annotations:
D:5 Sigmund


Innate Abilities, Weirdness & Mutations

You have a pair of large horns on your head.
You reflexively headbutt those who attack you in melee.
Your spells are a little harder to cast, but a little more powerful.


Message History

You barely miss Sigmund. You headbutt Sigmund!
Sigmund is heavily wounded.
You feel very sick. You block Sigmund's attack.
You hit Sigmund but do no damage. Your headbutt misses Sigmund.
Sigmund is heavily wounded.
You feel sick. Sigmund gestures at you while chanting.
The puff of flame hits you.
* * * LOW HITPOINT WARNING * * *
You block Sigmund's attack.
You hit Sigmund.
Sigmund is severely wounded.
You feel sick. Sigmund hits you but does no damage.
You are more poisoned.
You closely miss Sigmund.
Sigmund is severely wounded.
* * * LOW HITPOINT WARNING * * *
You feel very sick. Sigmund hits you but does no damage.
You are lethally poisoned!
You feel better. Sigmund casts a spell at you.
You are confused.
You bump into the rock wall.
Sigmund barely misses you.
You bump into the rock wall.
You closely miss Sigmund.
Sigmund is severely wounded.
Sigmund hits you with a +2 scythe of venom!
* * * LOW HITPOINT WARNING * * *
You are lethally poisoned!
Sigmund gestures at you while chanting. The puff of flame hits you.
* * * LOW HITPOINT WARNING * * *
You completely miss Sigmund. Your headbutt misses Sigmund.
Sigmund is severely wounded.
* * * LOW HITPOINT WARNING * * *
You feel very sick.
Sigmund hits you with a +2 scythe of venom.
You die...

.#.#.#.#.##.##.#
..⌠.#.⌠..##.##.#
.#.#.#.#.##.##.#
..∩.⌠.∩...#.##.#
.#.#.#.#....##.#
.........##.##.#########
#.######.##.##..........
<.>......##......#..###
#.#####.########@# # #.#
#. #@# #.# #. #.# .# #.
#.# ## #.# #.# #.# ...


You could see Sigmund (invisible).

Vanquished Creatures
  Crazy Yiuf (D:3)
  An iguana (D:4)
  Ijyb (D:4)
  Robin (D:2)
  An adder (D:4)
  A worm (D:3)
  2 dart slugs
  2 orcs (D:4)
  3 endoplasms
  3 giant cockroaches
  7 hobgoblins
  3 jackals (D:4)
  7 kobolds
  6 quokkas
  12 ball pythons
  5 bats
  5 frilled lizards
  15 goblins
  2 rats
78 creatures vanquished.

Notes
Turn   | Place    | Note
-------+----------+-------------------------------------------
     0 | D:1      | senseless the Minotaur Fighter began the quest for the Orb.
     0 | D:1      | Reached XP level 1. HP: 19/19 MP: 0/0
   129 | D:1      | Reached XP level 2. HP: 24/27 MP: 1/1
   576 | D:2      | Gained mutation: Your spells are a little harder to cast,
                  | but a little more powerful. [potion of mutation]
   576 | D:2      | Gained mutation: You have a pair of large horns on your
                  | head. [potion of mutation]
   615 | D:2      | Reached XP level 3. HP: 33/33 MP: 2/2
   763 | D:2      | Noticed Robin
   778 | D:2      | Killed Robin
  1219 | D:2      | Reached XP level 4. HP: 40/40 MP: 3/3
  1240 | D:2      | Found Volli's Antique Weapon Boutique.
  2266 | D:3      | Found a runed translucent door.
  2267 | D:3      | Noticed Crazy Yiuf
  2274 | D:3      | Killed Crazy Yiuf
  2455 | D:4      | Noticed Ijyb
  2465 | D:4      | Killed Ijyb
  2466 | D:4      | Reached XP level 5. HP: 41/46 MP: 4/4
  3118 | D:4      | Found a faded altar of an unknown god.
  3118 | D:4      | Found the Hermit's Pendant {Faith Invo=14 Evo=0 MP+5}
  3180 | D:5      | Entered Level 5 of the Dungeon
  3221 | D:5      | Found Telor's Armour Shop.
  3221 | D:5      | Found Huufack's Antique Armour Shop.
  3224 | D:5      | Found Hupteval's Distillery.
  3229 | D:5      | Found Qyabuc's Book Shop.
  3232 | D:5      | Bought a +0 pair of gloves for 67 gold pieces
  3241 | D:5      | Bought a potion of berserk rage for 65 gold pieces
  3241 | D:5      | Bought a potion of degeneration for 13 gold pieces
  3241 | D:5      | Bought a potion of lignification for 39 gold pieces
  3262 | D:5      | Noticed Sigmund
  3280 | D:5      | HP: 2/47 [poisoned by Sigmund]
  3280 | D:5      | Slain by Sigmund

Illustrated notes

Levels and vault maps discovered:
D:1:      mrwooster_arrival_statue_2, layout_rooms
D:2:      layout_basic, serial_shops, shop, hangedman_decor_slide_cut,
          uniq_robin
D:3:      layout_loops_cross, uniq_crazy_yiuf_cottage
D:4:      layout_basic, hellmonk_guarded_unrand_hermit, uniq_ijyb
D:5:      layout_loops_ring, fedhas_altar_fruit_tree, minmay_temple_entry_mist,
          serial_shops, nicolae_square_shop, minmay_shop_grid_forest,
          minivault_24, minmay_misc_feat_more_columns, kennysheep_flooded_box,
          uniq_sigmund

Skill      XL: |  1  2  3  4  5 |
---------------+----------------+-----
Shields        | 4 |  4.8
Fighting       | 4 |  4.8
Armour         | 4 |  4.8
Axes           | 3 4 |  4.0

Action                     |  1- 3 |  4- 6 || total
---------------------------+-------+-------++-------
  Melee: War axe           |    85 |    75 ||   160
         Headbutt          |    10 |     6 ||    16
    Use: Scroll            |     3 |    13 ||    16
         Potion            |     1 |     1 ||     2
 Armour: Scale mail        |    39 |    17 ||    56
         Chain mail        |       |    15 ||    15
  Dodge: Dodged            |    40 |    17 ||    57
  Block: Buckler           |    22 |    10 ||    32
         Tower shield      |       |    31 ||    31

Table legend: (Time is in decaauts)
 A = Elapsed time spent in this place.
 B = Non-inter-level travel time spent in this place.
 C = Inter-level travel time spent in this place.
 D = Time resting spent in this place.
 E = Time spent auto-exploring this place.
 F = Levels seen in this place.
 G = Mean time per level.
                   A        B        C        D        E       F      G
               +--------+--------+--------+--------+--------+-----+--------+
         Total |   3352 |   3228 |    124 |     32 |   2626 |   5 |  670.4 |
       Dungeon |   3352 |   3228 |    124 |     32 |   2626 |   5 |  670.4 |
               +--------+--------+--------+--------+--------+-----+--------+

Top non-repeatable levels by time:
     D:2: 1060 daAuts
     D:4: 815 daAuts
     D:3: 811 daAuts
     D:1: 587 daAuts
     D:5: 76 daAuts
